AoeStats
← Audi_13

Arabia

510145325Analyzed
2v2 RM · 2d ago on Sep 29, 2026· 16m 22s· 4 players
Game mode
Random Map
Map size
Medium (4 player)
Population
200
Speed
Normal
Resources
Standard
Victory
Conquest
Starting age
Dark Age
Ending age
Imperial Age
RankedLock teamsTeams togetherTeam positionsShared explorationLock speedFull tech treeHidden civsTurbo modeCheats
Victory
Defeat
🇨🇴 Persians · Colombia
1463
+15
🇬🇪 Goths · Georgia
1279
+22
🇪🇸 Spanish · Spain
1451
-20
🇺🇦 Ethiopians · Ukraine
1398
-17
Audi_13
5:47 Loom
9:06 Feudal Age
10:05 Double-Bit Axe
12:36 Fletching
MISTER COLLEJAS
3:21 Loom
10:14 Feudal Age
17:00 Castle Age
FC_diana2501
6:19 Loom
9:19 Feudal Age
9:19 Man-at-Arms
11:25 Double-Bit Axe
16:05 Horse Collar
Vlast
2:14 Loom
11:09 Feudal Age
11:41 Man-at-Arms
12:37 Padded Archer Armor
16:46 Forging
Connection lost

Rejoining the realm…

Still unreachable

The connection could not be restored.

Session expired

The server has moved on; the page needs a fresh start.